 Dungeon Crawl Stone Soup version 0.30-a0-652-gcc886f7154 (webtiles) character file.

Game seed: 13978384632145282238

108 bande the Trooper (level 4, 0/29 HPs)
             Began as a Gargoyle Fighter on Jan 18, 2023.
             Killed from afar by Blork the orc (4 damage)
             ... with a puff of flame
             ... on level 4 of the Dungeon.
             The game lasted 00:03:36 (2202 turns).

bande the Trooper (Gargoyle Fighter)                Turns: 2202, Time: 00:03:36

Health: 0/29       AC: 10    Str: 20    XL:     4   Next: 87%
Magic:  4/4        EV:  9    Int:  8    God:
Gold:   94         SH:  4    Dex: 11    Spells: 3/3 levels left

rFire   . . .      SeeInvis +    a - +0 war axe
rCold   . . .      Faith    .    c - +0 buckler
rNeg    + . .      Spirit   .    b - +0 scale mail
rPois   ∞          Reflect  .    (no helmet)
rElec   +          Harm     .    (no cloak)
rCorr   .          Rampage  .    (no gloves)
Will    .....                    (no boots) Stlth
                                 (no amulet)
HPRegen 0.24/turn                f - ring of see invisible
MPRegen 0.09/turn                (no ring)

@: no status effects
A: sickness immunity, AC +3, negative energy resistance 1, electricity
resistance, torment resistance 1, petrification resistance
a: no special abilities


You were on level 4 of the Dungeon.
You visited 1 branch of the dungeon, and saw 4 of its levels.

You collected 94 gold pieces.

Inventory:

Hand Weapons
 a - a +0 war axe (weapon)
 i - a +0 flail
Armour
 b - a +0 scale mail (worn)
 c - a +0 buckler (worn)
Jewellery
 f - a ring of see invisible (left hand)
 n - a ring of ice
Scrolls
 g - 5 scrolls of identify {unknown}
 h - a scroll of noise {unknown}
 l - a scroll of enchant armour {unknown}
 o - 2 scrolls of blinking {unknown}
 r - a scroll of immolation {unknown}
Potions
 d - a potion of might
 e - a potion of flight {unknown}
 j - a potion of brilliance {unknown}
 k - a potion of cancellation {unknown}
 m - 4 potions of curing {unknown}
 p - a potion of heal wounds {unknown}
 q - 2 potions of mutation {unknown}
 s - a potion of invisibility {unknown}
 t - a potion of ambrosia {unknown}


   Skills:
 + Level 4.0 Fighting
 + Level 3.2 Axes
 + Level 3.9 Armour
 + Level 3.7 Shields


You had 3 spell levels left.
You didn't know any spells.
Your spell library was empty.

Dungeon Overview and Level Annotations

Branches:
Dungeon (4/15)
 Temple: D:4-7

Altars:
Nemelex Xobeh

Shops:
D:2 [

Annotations:
D:3 1 transporter
D:4 Blork the orc


Innate Abilities, Weirdness & Mutations

You are immune to sickness and miasma.
Your stone body is resilient. (AC +3)
You are immune to poison.
You resist negative energy. (rN+)
You are resistant to electric shocks. (rElec)
You are resistant to unholy torment.
You are immune to petrification.


Message History

Blork the orc points at you and mumbles some strange words.
The puff of flame hits you!
You barely miss Blork the orc.
Blork the orc is moderately wounded.
You hit the endoplasm. Blork the orc closely misses you.
The endoplasm freezes you.
You are frozen.
You hit the endoplasm.
You kill the endoplasm!
You hit Blork the orc. You hit the orc.
Blork the orc hits you but does no damage.
The orc hits you with a +0 war axe!
You are too injured to fight recklessly!
You are too injured to fight recklessly!
You are too injured to fight recklessly!
You are too injured to fight recklessly!
You are too injured to fight recklessly!
You are too injured to fight recklessly!
You are too injured to fight recklessly!
You are too injured to fight recklessly!
You are too injured to fight recklessly!
You are too injured to fight recklessly!
Unknown command.
You hit Blork the orc.
Blork the orc is severely wounded.
You hit the orc. Blork the orc barely misses you.
The orc hits you with a +0 war axe!
* * * LOW HITPOINT WARNING * * *
The orc hits you but does no damage. Blork the orc barely misses you.
You hit Blork the orc.
Blork the orc is severely wounded.
You hit the orc.
You kill the orc!
Blork the orc hits you but does no damage.
Unknown command.
You slash Blork the orc!
Blork the orc is almost dead.
Blork the orc casts a spell at you. The puff of flame hits you.
You die...

#........#.###....##.##...#####
#.................##..+....
####..........#...#####...##
####>..........+......#
#......#.......######.##
#......#.......####....
#......#.........#..###
.......#)...####......# ###
............# #@..##... #..
......[....##...o)#..... ##+
............#..##.# .$.. #..
...###........# .. ... # #..
### #.....##.# .## .. #.#..
#.....#..... #. . #....
#..##.#.. ##.#. ##.#. #.#
.....# ... #.#. #. ..##.# #...


You could see Blork the orc.

Vanquished Creatures
  4 adders
  2 worms (D:2)
  A dart slug (D:3)
  An orc (D:4)
  5 ball pythons
  5 endoplasms
  2 giant cockroaches
  8 goblins
  3 hobgoblins (D:1)
  10 jackals
  A quokka (D:1)
  6 bats
  2 frilled lizards
  2 kobolds (D:2)
  6 rats
58 creatures vanquished.

Notes
Turn   | Place    | Note
-------+----------+-------------------------------------------
     0 | D:1      | bande the Gargoyle Fighter began the quest for the Orb.
     0 | D:1      | Reached XP level 1. HP: 14/14 MP: 1/1
    94 | D:1      | Reached XP level 2. HP: 13/19 MP: 2/2
   365 | D:1      | Found a faded altar of an unknown god.
   365 | D:1      | Noticed a smoke demon
   461 | D:1      | Reached XP level 3. HP: 21/24 MP: 3/3
   826 | D:2      | Found Ediot's Antique Armour Shoppe.
  1079 | D:2      | Reached XP level 4. HP: 29/29 MP: 4/4
  1537 | D:3      | Reached skill level 4 in Fighting
  1836 | D:3      | Found a sparkling altar of Nemelex Xobeh.
  1836 | D:3      | Found a transporter.
  1836 | D:3      | Noticed a necrophage
  1837 | D:3      | Noticed a phantom
  2152 | D:4      | Identified the +5 trident "Vuging" {vamp, Int+5}
  2194 | D:4      | Noticed Blork the orc
  2202 | D:4      | Killed from afar by Blork the orc

Illustrated notes

Levels and vault maps discovered:
D:1:      minmay_arrival_three_doors, layout_rooms,
          dreamdust_ecumenical_altar_sealed_demon
D:2:      layout_loops_ring, serial_shops, nicolae_shop_trees, kennysheep_path_1
D:3:      layout_rooms, grunt_nemelex_the_gamble, chequers_serial_rivers_large_b
D:4:      layout_basic, ebering_ghost_disaster_area, serial_shops, shop,
          hangedman_decor_points, nicolae_concentric_dashed_squares_wild,
          uniq_blork_the_orc

Skill      XL: |  1  2  3  4 |
---------------+-------------+-----
Axes           | 2 3 |  3.2
Fighting       | 4 |  4.0
Armour         | |  3.9
Shields        | |  3.7

Action                   |  1- 3 |  4- 6 || total
-------------------------+-------+-------++-------
Melee: War axe           |   132 |    68 ||   200
Armor: Scale mail        |    79 |    39 ||   118
Dodge: Dodged            |    77 |    31 ||   108
Block: Buckler           |    37 |    18 ||    55

Table legend: (Time is in decaauts)
 A = Elapsed time spent in this place.
 B = Non-inter-level travel time spent in this place.
 C = Inter-level travel time spent in this place.
 D = Time resting spent in this place.
 E = Time spent auto-exploring this place.
 F = Levels seen in this place.
 G = Mean time per level.
                   A        B        C        D        E       F      G
               +--------+--------+--------+--------+--------+-----+--------+
         Total |   2311 |   2269 |     42 |    100 |   1617 |   4 |  577.8 |
       Dungeon |   2311 |   2269 |     42 |    100 |   1617 |   4 |  577.8 |
               +--------+--------+--------+--------+--------+-----+--------+

Top non-repeatable levels by time:
     D:2: 860 daAuts
     D:1: 695 daAuts
     D:3: 599 daAuts
     D:4: 155 daAuts
